 Dungeon Crawl Stone Soup version 0.24.0-5-g267a8d59f4 (webtiles) character file.

Game seed: 6084548724121652908, levelgen mode: deterministic

29 mortelune the Skirmisher (level 3, -10/43 HPs)
             Began as a Demonspawn Berserker on Nov 1, 2019.
             Was a Believer of Trog.
             Mangled by Sigmund
             ... wielding a +0 scythe
              (14 damage)
             ... on level 2 of the Dungeon.
             The game lasted 00:02:02 (1126 turns).

mortelune the Skirmisher (Demonspawn Berserker)     Turns: 1126, Time: 00:02:02

Health: -10/43     AC:  3    Str: 23    XL:     3   Next: 1%
Magic:  3/3        EV: 12    Int:  8    God:    Trog [**....]
Gold:   90         SH:  0    Dex: 12    Spells: 2/2 levels left

rFire    . . .     SeeInvis .   a - +0 falchion
rCold    . . .     Gourm    .   (no shield)
rNeg     . . .     Faith    .   b - +0 animal skin
rPois    .         Spirit   .   l - +0 helmet
rElec    .         Reflect  .   (no cloak)
rCorr    +         Harm     .   (no gloves)
MR       ++...                  (no boots)
Stlth    ..........             (no amulet)
HPRegen  1.14/turn              e - ring of resist corrosion
MPRegen  0.08/turn              (no ring)

@: berserking, regenerating, very quick
A: hooves 1, demonic guardian 1
a: Berserk, Trog's Hand, Renounce Religion


You were on level 2 of the Dungeon.
You worshipped Trog.
Trog was pleased with you.
You were near starving.

You visited 1 branch of the dungeon, and saw 2 of its levels.

You collected 90 gold pieces.

Inventory:

Hand Weapons
 a - a +0 falchion (weapon)
Armour
 b - a +0 animal skin (worn)
 l - a +0 helmet (worn)
Jewellery
 e - a ring of resist corrosion (left hand)
Scrolls
 d - 2 scrolls of identify {unknown}
 g - a scroll of magic mapping {unknown}
 h - 3 scrolls of teleportation {unknown}
 k - a scroll of immolation {unknown}
 o - a scroll of random uselessness {unknown}
Potions
 f - a potion of heal wounds {unknown}
 i - a potion of degeneration {unknown}
 j - a potion of brilliance {unknown}
 m - a potion of magic {unknown}
 n - a potion of curing {unknown}
Comestibles
 c - 2 rations
 p - a chunk of flesh


   Skills:
 + Level 3.2 Fighting
 * Level 3.1 Long Blades
 + Level 2.1 Armour
 + Level 2.1 Dodging


You had 2 spell levels left.
You didn't know any spells.
Your spell library was empty.

Dungeon Overview and Level Annotations

Branches:
Dungeon (2/15)

Altars:
Uskayaw

Annotations:
D:2 Sigmund


Innate Abilities, Weirdness & Mutations

You have large cloven feet.
A weak demonic guardian rushes to your aid.


Message History

You bump into the translucent rock wall.
Something barely misses you.
You completely miss your white imp. Something hits you!
You feel less confused.
Your skin crawls.
You feel resistant to hostile enchantments.
You are feeling hungry.
Something hits you!
* * * LOW HITPOINT WARNING * * *
A red film seems to cover your vision as you go berserk!
You feel yourself moving faster!
You feel mighty!
You are near starving!
A goblin comes into view. It is wielding a +0 war axe.
Something hits you!
* * * LOW HITPOINT WARNING * * *
You barely miss something. Your kick misses something.
You barely miss something. You kick something!
Your white imp disappears in a puff of smoke!
Something hits you!
You die...

... ..# #.# #. #†# #..
#÷# ####...
#.#####...#)..######
##..#...............###
#....§._).g............
#.#...@{............#.#
#.#..#####.#...###<##.#
#.#..#((.#.#...# #.##..
..#..#...#.....# #.####
###..#####.....# #.####
#........#...# #.....
#.###..####.## ######
#!# ##.# #..# # ..#
#.###.######## #


You could see 2 dancing weapons and a goblin.

Vanquished Creatures
  2 dart slugs (D:1)
  A leopard gecko (D:1)
  2 bats (D:1)
  5 goblins (D:1)
  A hobgoblin (D:2)
  2 ball pythons
  4 kobolds
  7 rats
24 creatures vanquished.

Vanquished Creatures (collateral kills)
  A kobold (D:2)
1 creature vanquished.

Grand Total: 25 creatures vanquished

Notes
Turn   | Place    | Note
-------+----------+-------------------------------------------
     0 | D:1      | mortelune the Demonspawn Berserker began the quest for the
                  | Orb.
     0 | D:1      | Reached XP level 1. HP: 18/18 MP: 1/1
    66 | D:1      | Gained mutation: You have large cloven feet. [demonic
                  | ancestry]
    66 | D:1      | Reached XP level 2. HP: 13/24 MP: 2/2
   996 | D:2      | Reached ** piety under Trog
  1075 | D:2      | Found a hide-covered altar of Uskayaw.
  1075 | D:2      | Noticed a +0 hand axe
  1075 | D:2      | Noticed a +0 hand axe
  1104 | D:2      | Gained mutation: A weak demonic guardian rushes to your
                  | aid. [demonic ancestry]
  1104 | D:2      | Reached XP level 3. HP: 24/29 MP: 3/3
  1112 | D:2      | Noticed Sigmund
  1126 | D:2      | Mangled by Sigmund

Levels and vault maps discovered:
D:1:      elethiomel_arrival_quiet, layout_loops_ring
D:2:      layout_loops_cross, nicolae_overflow_crystal_walls,
          dancing_weapons_uskayaw, uniq_sigmund

Skill      XL: |  1  2 |
---------------+-------+-----
Armour         | 2 |  2.1
Dodging        | 2 |  2.1
Long Blades    | 3 |  3.1
Fighting       | |  3.2

Action                   || total
-------------------------++-------
Melee: Falchion          ||    57
       Kick              ||     8
Invok: Berserk           ||     2
       Trog's Hand       ||     1
 Stab: Sleeping          ||     1
  Eat: Chunk             ||     1
Armor: Animal skin       ||    12
Dodge: Dodged            ||    37
       Rpst.: Falchion   ||     9
